 Dungeon Crawl Stone Soup version 0.30-a0-782-ge64f9170bb (webtiles) character file.

Game seed: 16129331032471308062

1349 pilgrim the Covert (level 8, -1/39 HPs)
             Began as a Spriggan Enchanter on Mar 1, 2023.
             Was a High Priest of Uskayaw.
             Slain by a hornet (8 damage)
             ... on level 5 of the Dungeon.
             The game lasted 00:18:02 (4736 turns).

pilgrim the Covert (Spriggan Enchanter)             Turns: 4736, Time: 00:18:03

Health: -1/39      AC:  2    Str:  4    XL:     8   Next: 36%
Magic:  13/13      EV: 21    Int: 17    God:    Uskayaw [*****.]
Gold:   333        SH:  5    Dex: 17    Spells: 12/12 levels left

rFire   . . .      SeeInvis +    a - +4 dagger (speed)
rCold   . . .      Faith    .    (no shield)
rNeg    . . .      Spirit   .    b - +0 robe
rPois   .          Reflect  +    (helmet restricted)
rElec   .          Harm     .    k - scarf {+Inv}
rCorr   .          Rampage  .    (gloves unavailable)
Will    +....                    (boots unavailable)
Stlth   ++++                     d - amulet of reflection
HPRegen 0.26/turn                (no ring)
MPRegen 0.13/turn                (no ring)

@: lethally poisoned (-1 -> -14), marked, very quick
A: very small, no large weapons, unfitting armour, see invisible, speed 3
a: Renounce Religion, Evoke Invisibility, Stomp, Line Pass, Grand Finale


You were on level 5 of the Dungeon.
You worshipped Uskayaw.
Uskayaw was noncommittal.
You visited 2 branches of the dungeon, and saw 6 of its levels.

You collected 333 gold pieces.

Inventory:

Hand Weapons
 a - a +4 dagger of speed (weapon)
Armour
 b - a +0 robe (worn)
 k - a scarf of invisibility (worn)
Jewellery
 d - an amulet of reflection (around neck)
 v - a ring of resist corrosion
Wands
 y - a wand of roots (4)
Scrolls
 f - a scroll of fear {unknown}
 h - a scroll of amnesia
 l - a scroll of immolation {unknown}
 o - a scroll of identify
 p - a scroll of teleportation
 q - a scroll of poison {unknown}
 r - a scroll of enchant armour {unknown}
 s - a scroll of fog
 t - 2 scrolls of magic mapping {unknown}
 u - a scroll of vulnerability {unknown}
 x - 2 scrolls of blinking {unknown}
 z - a scroll of acquirement {unknown}
Potions
 c - 3 potions of invisibility
 e - 3 potions of haste
 g - a potion of lignification {unknown}
 i - 2 potions of curing
 j - 2 potions of mutation {unknown}
 m - a potion of magic {unknown}
 n - 2 potions of heal wounds {unknown}
 w - 2 potions of flight {unknown}
 A - a potion of degeneration {unknown}


   Skills:
 + Level 2.5 Fighting
 * Level 6.5 Short Blades
 + Level 6.6 Dodging
 + Level 8.6 Stealth
 - Level 2.6 Spellcasting
 - Level 3.6 Hexes
 + Level 3.3 Invocations


You had 12 spell levels left.
You didn't know any spells.
Your spell library contained the following spells:

 Spells                   Type           Power      Damage    Failure   Level
 Confusing Touch          Hex            14%        N/A       12%         3
 Tukima's Dance           Hex            14%        N/A       12%         3
 Ensorcelled Hibernation  Hex/Ice        16%        N/A       13%         2
 Freeze                   Ice            8%         1d3       19%         1
 Blink                    Tloc           4%         N/A       26%         2
 Dazzling Flash           Conj/Hex       16%        N/A       26%         3
 Portal Projectile        Hex/Tloc       16%        N/A       26%         3
 Frozen Ramparts          Ice            4%         1d1       47%         3
 Hailstorm                Conj/Ice       2%         3d3       47%         3
 Ozocubu's Armour         Ice            2%         N/A       47%         3
 Manifold Assault         Tloc           2%         N/A       87%         4
 Metabolic Englaciation   Hex/Ice        4%         N/A       94%         5
 Blade Hands              Tmut           1%         N/A       99%         5
 Simulacrum               Ice/Necr       1%         N/A       100%        6
 Storm Form               Tmut/Air       1%         N/A       100%        7
 Chain Lightning          Conj/Air       1%         3d1       100%        9
 Fire Storm               Conj/Fire      1%         7d1       100%        9
 Shatter                  Erth           1%         3d5*      100%        9


Dungeon Overview and Level Annotations

Branches:
Dungeon (5/15)             Temple (1/1) D:4

Altars:
Cheibriados
Elyvilon
Fedhas
Kikubaaqudgha
Makhleb
Nemelex Xobeh
Okawaru
Qazlal
Ru
Sif Muna
Uskayaw
Wu Jian
Xom
Yredelemnul
Zin


Innate Abilities, Weirdness & Mutations

You are very small and have problems with some larger weapons.
You are too small for most types of armour.
You have supernaturally acute eyesight. (SInv)
You cover ground extremely quickly. (Speed+++)


Message History

A hound comes into view.
You feel sick.
You hit the ogre.
The ogre is severely wounded.
You feel sick.
A scorpion comes into view.
You feel sick.
You hit the water moccasin.
The water moccasin is almost dead.
You feel sick.
Uskayaw links your audience in an emotional bond!
You hit the water moccasin but do no damage.
The water moccasin is almost dead.
The water moccasin misses you.
You hit the water moccasin.
The water moccasin is almost dead.
You feel sick. The water moccasin bites you.
You are lethally poisoned!
The water moccasin poisons you!
You closely miss the water moccasin.
The water moccasin is almost dead.
You feel sick.
You hit the water moccasin.
You kill the water moccasin!
You feel sick.
You hit the ogre.
The ogre is almost dead.
You feel sick.
You hit the ogre.
You kill the ogre!
* * * LOW HITPOINT WARNING * * *
You feel sick.
Aiming: Grand Finale
Press: ? - help, Shift-Dir - straight line, f - hornet
Aim: a hornet You fail to use your ability.
* * * LOW HITPOINT WARNING * * *
You feel very sick. The hornet stings you!
You die...

# ##.....####..##
##........... # ##.........##
#........... # #########.#
##.......... ### ......###
#|.......... ..# #.##...###
#..###...... ###
###.s###...#####..#####....
##$..yhJ##...^##....#####...
##..####$.##....##...........
...##..##
##..#@....##..........
...#..##
##hy#....##.......... ...#8J
#.8#....###......#.. ...#y.
#.†#....##.......##. ...#..
#$.#....#...##..###. ...#8.
#.8#.......###..# ## ...#..
#..#....#..# .>.# ...##.
.$##....#..# # ...)##
.##....## ...


You could see a hornet and a hound.

Vanquished Creatures
  2 water moccasins (D:5)
  An ogre (D:5)
  3 phantoms
  A necrophage (D:5)
  2 scorpions
  A howler monkey (D:5)
  A jelly (D:5)
  2 orc priests
  7 hounds
  2 iguanas
  Terence (D:3)
  3 orc wizards (D:5)
  6 adders
  A shadow imp (D:5)
  4 worms
  4 dart slugs
  8 orcs
  5 bats
  7 endoplasms
  5 giant cockroaches
  8 goblins
  8 hobgoblins
  4 jackals (D:4)
  6 kobolds
  2 quokkas (D:5)
  A ball python (D:1)
  3 frilled lizards
  7 rats
105 creatures vanquished.

Notes
Turn   | Place    | Note
-------+----------+-------------------------------------------
     0 | D:1      | pilgrim the Spriggan Enchanter began the quest for the Orb.
     0 | D:1      | Reached XP level 1. HP: 9/9 MP: 5/5
   169 | D:1      | Reached XP level 2. HP: 10/13 MP: 6/6
   507 | D:1      | Reached skill level 5 in Stealth
   784 | D:2      | Reached XP level 3. HP: 11/16 MP: 8/8
  1350 | D:3      | Noticed Terence
  1636 | D:3      | Reached XP level 4. HP: 16/21 MP: 9/9
  1669 | D:3      | Identified the +4 pair of gloves "Quuqop" {+Inv rPois
                  | Will+}
  2019 | D:3      | Killed Terence
  2020 | D:3      | Reached skill level 6 in Stealth
  2357 | D:4      | Noticed an ogre
  2427 | D:3      | Reached XP level 5. HP: 12/24 MP: 10/10
  2634 | D:4      | Noticed a black bear
  2752 | D:4      | Found a staircase to the Ecumenical Temple.
  2762 | Temple   | Entered the Ecumenical Temple
  2821 | Temple   | Became a worshipper of Uskayaw the Reveller
  3032 | D:4      | Reached * piety under Uskayaw
  3092 | D:4      | Reached ** piety under Uskayaw
  3174 | D:4      | Reached *** piety under Uskayaw
  3176 | D:4      | Reached skill level 5 in Dodging
  3176 | D:4      | Reached XP level 6. HP: 29/29 MP: 11/11
  3203 | D:4      | Reached skill level 7 in Stealth
  3203 | D:4      | Reached skill level 1 in Invocations
  3327 | D:4      | Found a glowing silver altar of Zin.
  3452 | D:5      | Entered Level 5 of the Dungeon
  3532 | D:4      | Reached skill level 1 in Fighting
  3811 | D:5      | Found a snail-covered altar of Cheibriados.
  3814 | D:5      | Reached XP level 7. HP: 33/33 MP: 12/12
  3920 | D:5      | Reached skill level 5 in Short Blades
  4556 | D:5      | Reached skill level 8 in Stealth
  4559 | D:5      | Reached **** piety under Uskayaw
  4672 | D:5      | Reached XP level 8. HP: 27/39 MP: 13/13
  4694 | D:5      | Reached ***** piety under Uskayaw
  4710 | D:5      | Noticed a hornet
  4736 | D:5      | Slain by a hornet

Illustrated notes

Levels and vault maps discovered:
D:1:      lemuel_arrival_hallway, layout_rooms, minmay_unequal
D:2:      layout_rooms
D:3:      layout_rooms, uniq_terence
D:4:      minmay_bubble_buster, layout_cave_pools, zin_scriptorium,
          minmay_temple_entry_waves
D:5:      layout_layer_cave, slow_altar_1, nzn_random_ring
Temple:   nicolae_temple_bog_church

Skill      XL: |  1  2  3  4  5  6  7  8 |
---------------+-------------------------+-----
Dodging        | 3 4 5 6 |  6.6
Stealth        | 5 6 7 8 |  8.6
Short Blades   | 2 3 4 6 |  6.5
Invocations    | 1 2 3 |  3.3
Fighting       | 1 2 |  2.5
Spellcasting   | |  2.6
Hexes          | |  3.6

Action                     |  1- 3 |  4- 6 |  7- 9 || total
---------------------------+-------+-------+-------++-------
  Melee: Dagger            |   151 |   200 |   135 ||   486
         Punch             |     1 |     2 |     3 ||     6
 Invoke: Line Pass         |       |     1 |     1 ||     2
         Stomp             |       |     1 |     2 ||     3
Ability: Evoke Invisibilit |       |     1 |       ||     1
    Use: Scroll            |     5 |     2 |       ||     7
   Stab: Sleeping          |    12 |     9 |     3 ||    24
         Paralysed         |       |     1 |     2 ||     3
         Confused          |       |       |     1 ||     1
 Armour: Robe              |     7 |    11 |     8 ||    26
  Dodge: Dodged            |    60 |    77 |    36 ||   173
  Block: Other             |    18 |    24 |    14 ||    56

Table legend: (Time is in decaauts)
 A = Elapsed time spent in this place.
 B = Non-inter-level travel time spent in this place.
 C = Inter-level travel time spent in this place.
 D = Time resting spent in this place.
 E = Time spent auto-exploring this place.
 F = Levels seen in this place.
 G = Mean time per level.
                   A        B        C        D        E       F      G
               +--------+--------+--------+--------+--------+-----+--------+
         Total |   3286 |   3135 |    151 |    768 |   1325 |   6 |  547.7 |
       Dungeon |   3171 |   3026 |    145 |    768 |   1225 |   5 |  634.2 |
        Temple |    114 |    108 |      6 |      0 |     99 |   1 |  114.0 |
               +--------+--------+--------+--------+--------+-----+--------+

Top non-repeatable levels by time:
     D:5: 872 daAuts
     D:3: 765 daAuts
     D:4: 626 daAuts
     D:1: 495 daAuts
     D:2: 411 daAuts
  Temple: 114 daAuts
